 Dungeon Crawl Stone Soup version 0.23.0 (webtiles) character file.

Game seed: 808684235140959885

4 zxcvas the Grasshopper (level 1, 0/19 HPs)
             Began as a Naga Warper on Feb 9, 2019.
             Slain by a rat (1 damage)
             ... on level 1 of the Dungeon.
             The game lasted 00:01:46 (62 turns).

zxcvas the Grasshopper (Naga Warper)                  Turns: 62, Time: 00:01:46

Health: 0/19       AC:  1    Str: 13    XL:     1   Next: 70%
Magic:  3/3        EV:  9    Int: 13    God:
Gold:   5          SH:  0    Dex: 10    Spells: 4/4 levels left

rFire    . . .     SeeInvis +   a - +0 spear
rCold    . . .     Gourm    .   (no shield)
rNeg     . . .     Faith    .   b - +0 leather armour
rPois    +         Spirit   .   (no helmet)
rElec    .         Reflect  .   (no cloak)
rCorr    .         Harm     .   (no gloves)
MR       .....                  (no barding)
Stlth    +.........             (no amulet)
HPRegen  0.06/turn              (no ring)
MPRegen  0.08/turn              (no ring)

@: very slow
A: large, see invisible, deformed body, poison resistance, slowness 2, slow
metabolism 1, spit poison 1, AC +0
a: Spit Poison


You were on level 1 of the Dungeon.
You were not hungry.

You visited 1 branch of the dungeon, and saw 1 of its levels.

You collected 5 gold pieces.

Inventory:

Hand Weapons
 a - a +0 spear (weapon)
Missiles
 e - 5 tomahawks of dispersal (quivered)
Armour
 b - a +0 leather armour (worn)
 c - a +0 robe
Scrolls
 d - a scroll of blinking
 g - a scroll of identify {unknown}
Comestibles
 f - a ration


   Skills:
 + Level 2.0 Fighting
 + Level 2.0 Polearms
 + Level 1.1 Throwing
 + Level 0.7 Armour
 + Level 1.6 Dodging
 + Level 2.0 Spellcasting
   Level 3.0 Translocations


You had 4 spell levels left.
You didn't know any spells.
Your spell library contained the following spells:

 Spells                   Type           Power        Failure   Level  Hunger
 Blink                    Tloc           N/A          14%         2    ###....
 Shroud of Golubria       Chrm/Tloc      #.........   26%         2    ###....
 Gell's Gravitas          Tloc           #.........   28%         3    ####...
 Lesser Beckoning         Tloc           #.........   28%         3    ####...
 Teleport Other           Tloc           #.......     28%         3    ####...
 Passage of Golubria      Tloc           N/A          67%         4    #####..


Dungeon Overview and Level Annotations

Branches:
Dungeon (1/15)

Altars:


Innate Abilities, Weirdness & Mutations

You cannot wear boots.
Your serpentine skin is tough. (AC +0)
You have supernaturally acute eyesight. (SInv)
Armour fits poorly on your strangely shaped body.
Your system is resistant to poisons. (rPois)
You cover ground very slowly.
You have a slow metabolism.
You can spit poison.


Message History

You hit the bat.
The bat is moderately wounded.
The bat barely misses you. The bat hits you but does no damage.
The rat bites you.
* * * LOW HITPOINT WARNING * * *
You hit the bat but do no damage. The bat closely misses you.
The rat barely misses you. The bat closely misses you. The bat hits you.
* * * LOW HITPOINT WARNING * * *
The bat hits you.
* * * LOW HITPOINT WARNING * * *
A goblin comes into view. It is wielding a +0 dagger.
You barely miss the rat. The rat closely misses you.
You hit the rat but do no damage. The rat barely misses you.
You barely miss the rat. The rat bites you.
* * * LOW HITPOINT WARNING * * *
A goblin comes into view. It is wielding a +0 dagger.
The goblin shouts!
The rat bites you.
You die...

+.......b.....+ # ..$...
....... ##############. ....
.....
#...........##.######'##..##.##
#.8.⌠.8.⌠.8.##.................
.............###.####)##..##.#.
.≈≈≈≈≈≈≈≈≈≈≈.∩...............
.............###.####.##.#.#.#
#.8.⌠.8.⌠.8.## #@# #.# .#...#
#...........# #r####.# .# (.#
############# #gb....# .# .#
.......####.# .# .# ........
#.# ......g. #.# ........# ..#
........+ ... ........# #.#


You could see 2 goblins, a bat and a rat.

Vanquished Creatures
  A dart slug (D:1)
  A hobgoblin (D:1)
  A frilled lizard (D:1)
3 creatures vanquished.

Notes
Turn   | Place    | Note
-------+----------+-------------------------------------------
     0 | D:1      | zxcvas the Naga Warper began the quest for the Orb.
     0 | D:1      | Reached XP level 1. HP: 19/19 MP: 3/3
    48 | D:1      | Reached skill level 1 in Throwing
    62 | D:1      | Slain by a rat

Skill      XL: |  1 |
---------------+----+-----
Throwing       | 1 |  1.1
Fighting       | |  2.0
Polearms       | |  2.0
Armour         | |  0.7
Dodging        | |  1.6
Spellcasting   | |  2.0
Translocations | |  3.0

Action                   || total
-------------------------++-------
Melee: Spear             ||    17
Armor: Leather armour    ||     5
Dodge: Dodged            ||    15
